 Dungeon Crawl Stone Soup version 0.28.0-53-g5a82cb258f (webtiles) character file.

Game seed: 847421571679470732

1133 Peloso the Carver (level 8, -1/69 HPs)
             Began as a Minotaur Fighter on June 6, 2022.
             Was a Believer of Okawaru.
             Slain by a freezing wraith (9 damage)
             ... led by a death knight
             ... on level 7 of the Dungeon.
             The game lasted 00:06:37 (4546 turns).

Peloso the Carver (Minotaur Fighter)                Turns: 4546, Time: 00:06:38

Health: -1/69      AC: 13    Str: 20    XL:     8   Next: 14%
Magic:  7/7        EV:  8    Int:  5    God:    Okawaru [**....]
Gold:   279        SH:  5    Dex: 13    Spells: 7/7 levels left

rFire   . . .      SeeInvis +   a - +9 falchion of the Shore {venom, rElec rC+}
rCold   + . .      Faith    .   c - +0 buckler
rNeg    . . .      Spirit   .   i - +0 chain mail
rPois   .          Reflect  .   (helmet restricted)
rElec   +          Harm     .   p - +2 cloak {rCorr}
rCorr   +          Rampage  .   (no gloves)
Will    .....                   (no boots)
Stlth   ..........              (no amulet)
HPRegen 0.21/turn               f - ring of see invisible
MPRegen 0.10/turn               (no ring)

@: slowed, very slow
A: horns 2, retaliatory headbutt
a: Renounce Religion, Heroism


You were on level 7 of the Dungeon.
You worshipped Okawaru.
Okawaru was pleased with you.
You visited 1 branch of the dungeon, and saw 7 of its levels.

You collected 279 gold pieces.

Inventory:

Hand Weapons
 a - the +9 falchion of the Shore (weapon) {venom, rElec rC+}
   (You found it on level 3 of the Dungeon)

   It poisons the flesh of those it strikes.
   rC:        It protects you from cold.
   rElec:     It insulates you from electricity.
 b - a +0 long sword
Armour
 c - a +0 buckler (worn)
 i - a +0 chain mail (worn)
 n - a +0 scale mail
 p - a +2 cloak of preservation (worn)
Jewellery
 f - a ring of see invisible (left hand)
 r - a ring of protection from fire
 w - a ring of flight
Scrolls
 e - 3 scrolls of noise {unknown}
 g - 3 scrolls of vulnerability {unknown}
 j - a scroll of teleportation {unknown}
 l - 3 scrolls of identify {unknown}
 o - a scroll of magic mapping {unknown}
 q - a scroll of immolation {unknown}
 t - a scroll of enchant weapon {unknown}
 u - a scroll of silence {unknown}
 v - a scroll of blinking {unknown}
 x - a scroll of fog {unknown}
 y - a scroll of fear {unknown}
Potions
 d - a potion of might
 h - a potion of attraction {unknown}
 k - 2 potions of curing {unknown}
 m - a potion of experience {unknown}
 s - 3 potions of heal wounds {unknown}
 z - a potion of degeneration {unknown}


   Skills:
 + Level 5.4 Fighting
 + Level 8.6 Long Blades
 + Level 6.1 Armour
 + Level 1.5 Dodging
 + Level 0.3 Stealth
 + Level 5.3 Shields
 + Level 0.6 Invocations


You had 7 spell levels left.
You didn't know any spells.
Your spell library contained the following spells:

 Spells                   Type           Power      Damage    Failure   Level
 Static Discharge         Conj/Air       0%         N/A       100%        2
 Dazzling Flash           Conj/Hex       0%         N/A       100%        3
 Ignite Poison            Fire/Tmut/Pois 0%         N/A       100%        3
 Mephitic Cloud           Conj/Pois/Air  0%         N/A       100%        3
 Dispel Undead            Necr           0%         3d6       100%        4
 Iskenderun's Mystic Bla  Conj/Tloc      0%         2d3       100%        4
 Sticky Flame             Conj/Fire      0%         2d3       100%        4
 Fireball                 Conj/Fire      0%         3d3       100%        5
 Freezing Cloud           Conj/Ice/Air   0%         6-21      100%        5
 Starburst                Conj/Fire      0%         6d3       100%        6
 Ignition                 Fire           0%         3d3       100%        8


Dungeon Overview and Level Annotations

Branches:
Dungeon (7/15)
 Temple: D:4-7

Altars:
Nemelex Xobeh
Okawaru
The Shining One


Innate Abilities, Weirdness & Mutations

You have a pair of horns on your head.
You reflexively headbutt those who attack you in melee.


Message History

You block the freezing wraith's attack. The freezing wraith hits you.
The freezing wraith drains your vigour!
You feel yourself slow down.
You slash the freezing wraith!
The freezing wraith is moderately damaged.
The freezing wraith hits you but does no damage.
The freezing wraith barely misses you. The freezing wraith hits you!
The freezing wraith freezes you! You resist.
You block the freezing wraith's attack.
You hit the freezing wraith.
Your headbutt misses the freezing wraith.
The freezing wraith is moderately damaged.
The freezing wraith hits you! The freezing wraith freezes you. You resist.
You block the freezing wraith's attack.
You hit the freezing wraith.
The freezing wraith is moderately damaged.
You block the freezing wraith's attack. The freezing wraith hits you!
The freezing wraith drains your vigour!
You feel as though you will be slow longer.
You hit the freezing wraith but do no damage.
Your headbutt misses the freezing wraith.
The freezing wraith is moderately damaged.
The freezing wraith barely misses you. The freezing wraith closely misses you.
You hit the freezing wraith.
The freezing wraith is moderately damaged.
The freezing wraith barely misses you. You furiously retaliate!
You headbutt the freezing wraith!
The freezing wraith completely misses you.
The freezing wraith hits you. The freezing wraith freezes you! You resist.
* * * LOW HITPOINT WARNING * * *
The freezing wraith hits you but does no damage.
You fail to use your ability.
The freezing wraith hits you.
* * * LOW HITPOINT WARNING * * *
The freezing wraith freezes you. You resist.
* * * LOW HITPOINT WARNING * * *
The freezing wraith hits you but does no damage.
You hit the freezing wraith but do no damage.
You headbutt the freezing wraith.
The freezing wraith is heavily damaged.
The freezing wraith hits you!
You die...

#...###### #.......#
#...##### #.......#
#.......# #.......#
######.......# #.......#
....###......# #.......#
###.# #.###### #.......#
#.# #.# ###'#####
###.###.###########.###
#.>...(.........@W....#
#...###############.#..#
#...# #.##.# #...#######
#.# ... ...<....... ..+
W.. #.#.######. ..#
...Z. #.#.# #### ....
#.#.# .... #.#.#


You could see a freezing wraith.

Vanquished Creatures
  Grinder (D:3)
  Menkaure (D:4)
  An ogre (D:4)
  A phantom (D:3)
  A bullfrog (D:5)
  3 scorpions
  2 hounds
  Crazy Yiuf (D:3)
  A jelly (D:6)
  A bullfrog skeleton (D:6)
  Jessica (D:3)
  An orc wizard (D:6)
  A howler monkey skeleton (D:6)
  Robin (D:2)
  8 adders
  2 adder skeletons
  4 worms
  5 dart slugs
  5 orcs
  7 ball pythons
  6 endoplasms
  5 giant cockroaches
  12 goblins
  10 hobgoblins
  4 jackals
  7 kobolds
  4 quokkas
  4 bats
  3 frilled lizards
  A giant cockroach zombie (D:3)
  7 rats
111 creatures vanquished.

Notes
Turn   | Place    | Note
-------+----------+-------------------------------------------
     0 | D:1      | Peloso the Minotaur Fighter began the quest for the Orb.
     0 | D:1      | Reached XP level 1. HP: 19/19 MP: 0/0
   142 | D:1      | Reached XP level 2. HP: 25/27 MP: 1/1
   605 | D:1      | Reached XP level 3. HP: 18/33 MP: 2/2
   780 | D:2      | Reached skill level 3 in Long Blades
   884 | D:2      | Found a glowing golden altar of the Shining One.
   955 | D:2      | You fall into a shaft and drop 2 floors!
   955 | D:4      | Noticed a scorpion
   966 | D:5      | Entered Level 5 of the Dungeon
   975 | D:5      | Killed a scorpion
   976 | D:5      | Reached skill level 4 in Long Blades
   976 | D:5      | Reached XP level 4. HP: 4/40 MP: 3/3
  1384 | D:4      | Found an iron altar of Okawaru.
  1392 | D:4      | Became a worshipper of Warmaster Okawaru
  1394 | D:4      | Noticed Menkaure
  1400 | D:4      | Killed Menkaure
  1400 | D:4      | Reached * piety under Okawaru
  1401 | D:4      | Reached skill level 5 in Long Blades
  1401 | D:4      | Reached XP level 5. HP: 21/47 MP: 4/4
  1608 | D:4      | Reached XP level 6. HP: 49/53 MP: 5/5
  1852 | D:3      | Noticed Jessica
  1861 | D:3      | Killed Jessica
  1862 | D:3      | Reached skill level 6 in Long Blades
  2054 | D:3      | Noticed Grinder
  2065 | D:3      | Paralysed by Grinder for 6 turns
  2086 | D:3      | Reached skill level 5 in Armour
  2086 | D:3      | Reached skill level 1 in Dodging
  2096 | D:3      | Killed Grinder
  2096 | D:3      | Reached ** piety under Okawaru
  2097 | D:3      | Reached skill level 7 in Long Blades
  2097 | D:3      | Reached skill level 5 in Shields
  2097 | D:3      | Reached XP level 7. HP: 12/60 MP: 2/6
  2506 | D:3      | Identified the +9 falchion of the Shore {venom, rElec rC+}
  2706 | D:3      | Found a runed translucent door.
  2707 | D:3      | Noticed Crazy Yiuf
  2712 | D:3      | Killed Crazy Yiuf
  2962 | D:2      | Noticed Robin
  2982 | D:2      | Killed Robin
  3298 | D:4      | Reached skill level 5 in Fighting
  3479 | D:4      | Found a sparkling altar of Nemelex Xobeh.
  3652 | D:5      | Reached skill level 8 in Long Blades
  4285 | D:6      | Reached XP level 8. HP: 68/68 MP: 7/7
  4530 | D:7      | Noticed a freezing wraith
  4546 | D:7      | Slain by a freezing wraith

Illustrated notes

Levels and vault maps discovered:
D:1:      denvon_arrival_planthouse, layout_rooms
D:2:      layout_rooms, basic_altar, corexii_hall_statues_i, uniq_robin
D:3:      layout_basic, minmay_unequal, uniq_grinder, uniq_jessica,
          uniq_crazy_yiuf_cottage
D:4:      layout_basic, mainiacjoe_overflow_boulevard,
          nemelex_spade_bored_becter, uniq_menkaure
D:5:      layout_basic, corexii_checkpoint_b, minivault_27, solitary_fountain
D:6:      layout_basic, uniq_duvessa
D:7:      layout_basic, temple_green

Skill      XL: |  1  2  3  4  5  6  7 |
---------------+----------------------+-----
Shields        | 4 5 |  5.3
Armour         | 4 5 6 |  6.1
Long Blades    | 4 5 7 8 |  8.6
Fighting       | 4 5 |  5.4
Dodging        | 1 |  1.5
Stealth        | |  0.3
Invocations    | |  0.6

Action                   |  1- 3 |  4- 6 |  7- 9 || total
-------------------------+-------+-------+-------++-------
Melee: Long sword        |    88 |   103 |    16 ||   207
       Headbutt          |    11 |    15 |    11 ||    37
       Falchion          |       |       |    76 ||    76
Invok: Heroism           |       |     4 |       ||     4
Armor: Scale mail        |    49 |     4 |       ||    53
       Chain mail        |       |    54 |    38 ||    92
Dodge: Dodged            |    42 |    31 |    21 ||    94
Block: Buckler           |    28 |    20 |    18 ||    66
